 Dungeon Crawl Stone Soup version 0.29.0-13-gc9e81de378 (webtiles) character file.

Game seed: 1336985295758451989

319 ponyjar the Fortune-Teller (level 6, -2/42 HPs)
             Began as an Octopode Monk on Sept 10, 2022.
             Was a Believer of Nemelex Xobeh.
             Slain by a gnoll
             ... wielding a +0 whip
              (4 damage)
             ... on level 3 of the Dungeon.
             The game lasted 00:03:09 (2770 turns).

ponyjar the Fortune-Teller (Octopode Monk)          Turns: 2770, Time: 00:03:09

Health: -2/42      AC:  1    Str: 10    XL:     6   Next: 46%
Magic:  10/10      EV: 14    Int: 15    God:    Nemelex Xobeh [**....]
Gold:   112        SH:  0    Dex: 14    Spells: 5/5 levels left

rFire   . . .      SeeInvis .     - Unarmed
rCold   . . .      Faith    .   (no shield)
rNeg    . . .      Spirit   .   (helmet restricted)
rPois   .          Reflect  .   j - amulet of the acrobat
rElec   .          Harm     .   (no ring)
rCorr   .          Rampage  .   (no ring)
Will    .....                   (no ring)
Stlth   +++.......              (no ring)
HPRegen 0.14/turn               (no ring)
MPRegen 0.12/turn               (no ring)
                                (no ring)
                                (no ring)

@: no status effects
A: almost no armour, amphibious, 8 rings, camouflage 1, gelatinous body 1,
(nimble swimmer 1), tentacles
a: Renounce Religion, Draw Escape, Draw Destruction, Draw Summoning


You were on level 3 of the Dungeon.
You worshipped Nemelex Xobeh.
Nemelex Xobeh was pleased with you.
You visited 1 branch of the dungeon, and saw 3 of its levels.

You collected 112 gold pieces.

Inventory:

Jewellery
 j - an amulet of the acrobat (around mantle)
Scrolls
 b - 2 scrolls of silence {unknown}
 c - a scroll of vulnerability {unknown}
 d - 2 scrolls of amnesia {unknown}
 f - a scroll of enchant armour {unknown}
 g - a scroll of blinking {unknown}
 k - 2 scrolls of enchant weapon {unknown}
 m - a scroll of fear {unknown}
Potions
 a - a potion of curing
 h - a potion of haste {unknown}
 i - a potion of might {unknown}


   Skills:
 - Level 3.4 Fighting
 - Level 3.4 Dodging
 - Level 3.7 Stealth
 - Level 3.4 Unarmed Combat
 * Level 5.5 Invocations


You had 5 spell levels left.
You didn't know any spells.
Your spell library was empty.

Dungeon Overview and Level Annotations

Branches:
Dungeon (3/15)

Altars:
Nemelex Xobeh

Shops:
D:2 :

Annotations:
D:2 1 runed translucent door, Crazy Yiuf


Innate Abilities, Weirdness & Mutations

You cannot wear most types of armour.
You are amphibious.
You can wear up to eight rings at the same time.
Your skin changes colour to match your surroundings (Stealth+).
Your rubbery body absorbs attacks. (AC +1, EV +1)
((You are camouflaged when in or above water. (Stealth+)))
You have tentacles for arms and can constrict up to eight enemies at once.


Message History

The gnoll completely misses you.
You see here the felid corpse of Natasha.
Found a scroll labelled JOK ZA UQAAT.
You feel yourself speed up.
Found a chain mail.
You see here a +0 chain mail.
You open the door.
There is an open door here.
You close the door.
You flicker for a moment.
A gnoll breaks down the door.
You flicker back into view.
Unknown command.
You tentacle-slap the gnoll. You grab the gnoll. You tentacle-slap the gnoll.
You squeeze the gnoll.
You kill the gnoll!
Things that are here:
a +0 club; a gnoll corpse
There are monsters nearby!
There are monsters nearby!
Things that are here:
a +0 club; a gnoll corpse The gnoll hits you with a +0 whip.
* * * LOW HITPOINT WARNING * * *
You tentacle-slap the gnoll. Your grab misses the gnoll.
The gnoll is moderately wounded.
The gnoll hits you with a +0 whip!
* * * LOW HITPOINT WARNING * * *
You tentacle-slap the gnoll but do no damage.
Your grab misses the gnoll.
The gnoll is moderately wounded.
The gnoll hits you with a +0 whip.
* * * LOW HITPOINT WARNING * * *
Unknown command.
Unknown command.
You tentacle-slap the gnoll. You grab the gnoll.
The gnoll is severely wounded.
You constrict the gnoll. The gnoll hits you with a +0 whip.
You die...
Your body disappears without a glow.

#####.##### ##'##
#.#.. #.# #.# #.###
#.##### #.###### #.#
#.....#
##.##...###.#
#####.#
##.g......##.# #.#
#......g...#.# #.#
##...........#
#.#######.........##
#....@g)..........#
##########.......##
##.....## ##...##
#####


You could see a gnoll.

Vanquished Creatures
  Jessica (D:2)
  Natasha (D:3)
  5 gnolls
  2 adders (D:2)
  A dart slug (D:1)
  3 orcs (D:3)
  5 ball pythons
  4 endoplasms
  3 giant cockroaches
  3 goblins (D:1)
  6 hobgoblins
  2 jackals (D:1)
  2 kobolds
  3 quokkas (D:1)
  4 bats
  2 frilled lizards
  A rat (D:2)
48 creatures vanquished.

Vanquished Creatures (collateral kills)
  Sigmund (D:2)
1 creature vanquished.

Grand Total: 49 creatures vanquished

Notes
Turn   | Place    | Note
-------+----------+-------------------------------------------
     0 | D:1      | ponyjar the Octopode Monk began the quest for the Orb.
     0 | D:1      | Reached XP level 1. HP: 16/16 MP: 1/1
   141 | D:1      | Reached XP level 2. HP: 21/21 MP: 2/2
   165 | D:1      | Found a faded altar of an unknown god.
   595 | D:1      | Reached XP level 3. HP: 26/26 MP: 3/3
   948 | D:2      | Found a sparkling altar of Nemelex Xobeh.
   948 | D:2      | Noticed Jessica
   957 | D:2      | Killed Jessica
   960 | D:2      | Became a worshipper of Nemelex Xobeh the Trickster
   960 | D:2      | Reached * piety under Nemelex Xobeh
   960 | D:2      | Received a gift from Nemelex Xobeh
   960 | D:2      | Received a gift from Nemelex Xobeh
   960 | D:2      | Reached ** piety under Nemelex Xobeh
  1214 | D:2      | Found Maul's Vocational Training.
  1238 | D:2      | Reached skill level 1 in Invocations
  1238 | D:2      | Reached XP level 4. HP: 24/31 MP: 4/4
  1727 | D:2      | Found a runed translucent door.
  1728 | D:2      | Noticed Crazy Yiuf
  1789 | D:2      | Reached skill level 2 in Invocations
  1801 | D:2      | Reached XP level 5. HP: 5/36 MP: 5/7
  1801 | D:2      | HP: 1/36 [gnoll/+0 club (5)]
  1803 | D:2      | Reached skill level 3 in Invocations
  2155 | D:2      | Noticed Sigmund
  2187 | D:2      | Killed Sigmund
  2188 | D:2      | Reached skill level 5 in Invocations
  2188 | D:2      | Reached XP level 6. HP: 42/42 MP: 7/9
  2712 | D:3      | Noticed Natasha
  2725 | D:3      | Killed Natasha
  2769 | D:3      | HP: 1/42 [gnoll/+0 whip (4)]
  2770 | D:3      | Slain by a gnoll

Illustrated notes

Levels and vault maps discovered:
D:1:      dpeg_arrival_three_same_balls, layout_basic,
          hellmonk_ecumenical_altar_arch_garden
D:2:      layout_basic, basic_altar, grunt_ministairs_10,
          nicolae_shop_vocational, uniq_jessica, uniq_sigmund,
          uniq_crazy_yiuf_cottage
D:3:      layout_loops_corners, uniq_robin, uniq_natasha

Skill      XL: |  1  2  3  4  5 |
---------------+----------------+-----
Stealth        | 3 |  3.7
Invocations    | 1 2 5 |  5.5
Fighting       | |  3.4
Dodging        | |  3.4
Unarmed Combat | |  3.4

Action                   |  1- 3 |  4- 6 || total
-------------------------+-------+-------++-------
Melee: Unarmed           |    54 |    59 ||   113
       Tentacles         |    15 |    17 ||    32
       Constrict         |    14 |    17 ||    31
       Punch             |     1 |     3 ||     4
Invok: Draw Destruction  |       |     4 ||     4
       Draw Summoning    |       |     1 ||     1
  Use: Scroll            |     1 |       ||     1
       Potion            |       |     8 ||     8
 Stab: Sleeping          |     6 |     3 ||     9
       Distracted        |       |     1 ||     1
Armor: Skin              |     5 |     2 ||     7
Dodge: Dodged            |    49 |    72 ||   121
